 Dungeon Crawl Stone Soup version 0.22.1-2-g9c5b331383 (webtiles) character file.

133 Ivernyr the Sneak (level 4, 18/18 HPs)
             Began as a Felid Enchanter on Nov 25, 2018.
             Was a Follower of Dithmenos.
             Quit the game on level 4 of the Dungeon.
             The game lasted 00:13:14 (5207 turns).

Ivernyr the Sneak (Felid Enchanter)                 Turns: 5207, Time: 00:13:14

Health: 18/18      AC:  1    Str:  4    XL:     4   Next: 93%
Magic:  9/9        EV: 19    Int: 17    God:    Dithmenos [*.....]
Gold:   102        SH:  0    Dex: 17    Spells: 3/9 levels left
                                        Lives:  0   Deaths: 1

rFire    . . .     SeeInvis +     - Unarmed
rCold    . . .     Gourm    .   (shield unavailable)
rNeg     . . .     Faith    .   (armour unavailable)
rPois    .         Spirit   .   (helmet unavailable)
rElec    .         Reflect  .   (cloak unavailable)
rCorr    .         Harm     .   (gloves unavailable)
MR       .....                  (boots unavailable)
Stlth    ++++......             (no amulet)
HPRegen  0.06/turn              (no ring)
MPRegen  0.11/turn              (no ring)

@: wreathed by umbra, quick
A: very small, no armour, no weapons or thrown items, stealth, claws 1, fangs 3,
see invisible, carnivore, speed 1, shaggy fur 1, slow metabolism 1, sharp paws
a: Renounce Religion


You were on level 4 of the Dungeon.
You worshipped Dithmenos.
Dithmenos was aware of your devotion.
You were not hungry.

You visited 1 branch of the dungeon, and saw 4 of its levels.

You collected 102 gold pieces.

Inventory:

Jewellery
 l - an uncursed ring of ice {unknown}
Scrolls
 a - a scroll of enchant armour {unknown}
 d - 2 scrolls of enchant weapon {unknown}
 f - 2 scrolls of remove curse {unknown}
 g - 3 scrolls of identify {unknown}
 h - a scroll of teleportation {unknown}
 k - a scroll of magic mapping {unknown}
 m - 3 scrolls of noise {unknown}
Potions
 c - a potion of haste {unknown}
 e - a potion of cancellation {unknown}
 i - a potion of lignification {unknown}
 j - a potion of resistance {unknown}
Comestibles
 b - 8 rations


   Skills:
 + Level 4.3 Dodging
 * Level 6.7 Stealth
 - Level 1.0 Unarmed Combat
 + Level 3.1 Spellcasting
 + Level 5.8 Hexes


You had 3 spell levels left.
You knew the following spells:

 Your Spells              Type           Power        Failure   Level  Hunger
a - Corona                Hex            ###....      1%          1    None
b - Ensorcelled Hibernat  Hex/Ice        ##....       8%          2    ##.....
c - Confuse               Hex            ###.....     4%          3    ###....

Your spell library contained the following spells:

 Spells                   Type           Power        Failure   Level  Hunger
 Tukima's Dance           Hex            ###.....     4%          3    ###....
 Dazzling Spray           Conj/Hex       ##....       16%         3    ###....


Dungeon Overview and Level Annotations

Branches:
Dungeon (4/15)
 Temple: D:4-7

Altars:
Cheibriados
Dithmenos


Innate Abilities, Weirdness & Mutations

You cannot wear armour.
You are incapable of wielding weapons or throwing items.
Your paws allow you to move quietly. (Stealth)
You have sharp claws.
You have razor-sharp teeth.
You have supernaturally acute eyesight. (SInv)
You are carnivorous and can eat meat at any time.
You cover ground quickly.
You are covered in fur. (AC +1)
You have a slow metabolism.
Your sharp claws are effective at attacking unaware monsters.


Message History

Aim: an orc wizard, wielding a dagger and wearing a robe (fast, chance to The orc wizard looks drowsy...
The orc wizard shouts!
You hear a shout! x2
The orc wizard points at you and mumbles some strange words.
The magic dart hits you!
You scratch the orc wizard.
The orc wizard is lightly wounded.
The orc wizard misses you.
You closely miss the orc wizard. Your bite misses the orc wizard.
The orc wizard is lightly wounded.
The orc wizard hits you with a dagger.
The orc wizard gestures at you while chanting.
The magic dart hits you!
You die...
You are now level 4!
You rejoin the land of the living...
Unknown command.
Unknown command.
Unknown command.
Are you sure you want to abandon this character and quit the game? (Confirm

#.. ..
#.##.
#.#..
#...
#..#
#..#
#..#
#@.#
#...#
#......
##.....#
###..#
...# #..
##


There were no monsters in sight!

Vanquished Creatures
  A hound (D:4)
  3 orc wizards
  An iguana (D:3)
  4 adders
  4 dart slugs
  6 leopard geckos
  7 orcs
  A ball python (D:4)
  6 bats
  A giant cockroach (D:2)
  8 goblins
  6 hobgoblins
  2 jackals (D:3)
  A kobold (D:1)
  A quokka (D:3)
  7 frilled lizards
  8 rats
67 creatures vanquished.

Notes
Turn   | Place    | Note
-------+----------+-------------------------------------------
     0 | D:1      | Ivernyr the Felid Enchanter began the quest for the Orb.
     0 | D:1      | Reached XP level 1. HP: 7/7 MP: 4/4
   354 | D:1      | Reached XP level 2. HP: 7/11 MP: 4/6
   557 | D:1      | Learned a level 2 spell: Ensorcelled Hibernation
  1281 | D:1      | Reached XP level 3. HP: 14/14 MP: 7/7
  1288 | D:1      | Learned a level 3 spell: Confuse
  1906 | D:2      | Reached skill level 5 in Stealth
  2338 | D:2      | Found a shadowy altar of Dithmenos.
  2405 | D:2      | Became a worshipper of Dithmenos the Shadowed
  2524 | D:2      | Reached skill level 5 in Hexes
  2761 | D:2      | Reached XP level 4. HP: 18/18 MP: 8/8
  3641 | D:3      | Found a snail-covered altar of Cheibriados.
  3920 | D:4      | Reached XP level 5. HP: 20/21 MP: 4/10
  3922 | D:4      | Reached skill level 6 in Stealth
  3934 | D:4      | Reached * piety under Dithmenos
  5206 | D:4      | Killed from afar by an orc wizard
  5207 | D:4      | Reached XP level 4. HP: -1/18 MP: 8/9
  5207 | D:4      | Quit the game

Skill      XL: |  1  2  3  4  5 |
---------------+----------------+-----
Dodging        | 3 4 |  4.3
Stealth        | 5 6 |  6.7
Hexes          | 5 |  5.8
Spellcasting   | 3 |  3.1
Unarmed Combat | |  1.0

Action                   |  1- 3 |  4- 6 || total
-------------------------+-------+-------++-------
Melee: Unarmed           |   117 |    87 ||   204
       Bite              |     5 |     9 ||    14
       Punch             |     2 |       ||     2
 Cast: Corona            |     6 |       ||     6
       Ensorcelled Hiber |    17 |    32 ||    49
       Confuse           |       |     5 ||     5
 Stab: Sleeping          |    21 |    22 ||    43
       Distracted        |       |     1 ||     1
       Confused          |       |     1 ||     1
  Eat: Chunk             |    10 |     9 ||    19
Armor: Skin              |     9 |     2 ||    11
Dodge: Dodged            |    95 |    69 ||   164
